 Dungeon Crawl Stone Soup version 0.29.1-13-g9f3cf754e1 (webtiles) character file.

Game seed: 8606805802528916606

313 Descartes the Grasshopper (level 6, -14/47 HPs)
             Began as a Demonspawn Warper on Jan 20, 2023.
             Was an Initiate of Gozag.
             Demolished by an ogre
             ... wielding a +0 giant club
              (19 damage)
             ... on level 5 of the Dungeon.
             The game lasted 00:10:07 (3322 turns).

Descartes the Grasshopper (Demonspawn Warper)       Turns: 3322, Time: 00:10:08

Health: -14/47     AC:  8    Str: 13    XL:     6   Next: 19%
Magic:  10/10      EV:  6    Int: 15    God:    Gozag
Gold:   293        SH:  0    Dex: 12    Spells: 11/11 levels left

rFire   . . .      SeeInvis .   a - +0 hand axe
rCold   . . .      Faith    .   (no shield)
rNeg    + . .      Spirit   .   s - +0 chain mail
rPois   .          Reflect  .   z - +0 hat
rElec   .          Harm     .   (no cloak)
rCorr   .          Rampage  .   (no gloves)
Will    .....                   (no boots)
Stlth   ..........              (no amulet)
HPRegen 0.15/turn               u - ring of wizardry
MPRegen 0.12/turn               b - ring of positive energy

@: no status effects
A: foul stench 1, spiny 3
a: Renounce Religion, Potion Petition, Call Merchant, Bribe Branch


You were on level 5 of the Dungeon.
You worshipped Gozag.
Gozag was aware of your devotion.
You visited 1 branch of the dungeon, and saw 5 of its levels.

You collected 357 gold pieces.
You paid 64 gold pieces to Gozag.

Inventory:

Hand Weapons
 a - a +0 hand axe (weapon)
 v - a +2 sling of flaming
 C - a +0 dagger
Missiles
 d - 7 boomerangs of dispersal (quivered)
 l - 3 boomerangs
 A - 5 datura-tipped darts
 B - 8 poisoned darts
Armour
 s - a +0 chain mail (worn)
 z - a +0 hat (worn)
Jewellery
 b - a ring of positive energy (right hand)
 u - a ring of wizardry (left hand)
Scrolls
 c - 2 scrolls of blinking
 e - 3 scrolls of identify {unknown}
 f - 2 scrolls of enchant armour {unknown}
 i - 3 scrolls of vulnerability {unknown}
 j - a scroll of teleportation {unknown}
 q - a scroll of magic mapping {unknown}
 w - a scroll of silence {unknown}
 x - a scroll of fear {unknown}
 y - 2 scrolls of amnesia {unknown}
Potions
 g - a potion of degeneration {unknown}
 h - 7 potions of curing {unknown}
 k - 2 potions of berserk rage {unknown}
 m - 2 potions of heal wounds {unknown}
 n - 3 potions of haste {unknown}
 o - 2 potions of flight {unknown}
 p - 2 potions of mutation {unknown}
 r - a potion of ambrosia {unknown}
 t - a potion of might {unknown}


   Skills:
 + Level 3.1 Fighting
 + Level 2.8 Axes
 - Level 0.8 Throwing
 + Level 2.2 Armour
 + Level 2.9 Dodging
 + Level 3.0 Spellcasting
 + Level 3.6 Translocations


You had 11 spell levels left.
You didn't know any spells.
Your spell library contained the following spells:

 Spells                   Type           Power      Damage    Failure   Level
 Blink                    Tloc           26%        N/A       61%         2
 Gell's Gravitas          Tloc           13%        N/A       83%         3
 Lesser Beckoning         Tloc           13%        N/A       83%         3
 Teleport Other           Tloc           13%        N/A       83%         3
 Animate Armour           Summ/Erth      4%         N/A       100%        4
 Blade Hands              Tmut           1%         N/A       100%        5
 Manifold Assault         Tloc           13%        N/A       100%        5
 Iron Shot                Conj/Erth      1%         9d1       100%        6


Dungeon Overview and Level Annotations

Branches:
Dungeon (5/15)
 Temple: D:4-7

Altars:
Gozag
Nemelex Xobeh
Xom


Innate Abilities, Weirdness & Mutations

You may rarely emit foul miasma when damaged in melee.
You are completely covered in sharp spines.


Message History

The gnoll shouts! x3; The black bear growls angrily.
A gnoll comes into view. It is wielding a +0 spear.
You see here 2 pink potions.
A gnoll sergeant and 2 gnolls come into view.
The gnoll shouts!
The gnoll sergeant shouts!
The gnoll shouts!
There is a stone staircase leading up here.
The hound bites you but does no damage.
You climb upwards.
There is a stone staircase leading down here.
You barely miss the hound. The hound bites you.
The hound is struck by your spines. The hound barely misses you.
You barely miss the hound.
The hound is moderately wounded.
The hound bites you but does no damage.
You hit the hound.
The hound is severely wounded.
The hound is struck by your spines.
You kill the hound!
No target in view!
HP restored.
You now have 293 gold pieces (gained 6).
Done exploring.
There is a stone staircase leading down here.
There is a stone staircase leading down here.
You climb downwards.
There is a stone staircase leading up here.
An ogre comes into view. It is wielding a +0 giant club.
Found a robe.
The ogre shouts!
The ogre is struck by your spines. The ogre hits you with a +0 giant club!
You hit the ogre but do no damage.
The ogre is lightly wounded.
The ogre hits you with a +0 giant club!!
Ouch! That really hurt!
* * * LOW HITPOINT WARNING * * *
You are too injured to fight recklessly!
The ogre attacks as you move away! The ogre is struck by your spines.
The ogre hits you with a +0 giant club!!
You die...
Your body crumbles into a pile of gold.

#.# #.# #.# #.#
#.# ########.#
.........#
#######..#####.#
#..@O[...#
#.######## #.#
#.# #.. $ ###


You could see an ogre.

Vanquished Creatures
  A kobold brigand (D:3)
  A gnoll bouda (D:3)
  2 hounds
  4 adders (D:3)
  4 gnolls
  2 worms
  2 dart slugs (D:1)
  An orc (D:4)
  5 endoplasms
  5 giant cockroaches
  11 goblins
  7 hobgoblins
  3 jackals (D:3)
  3 kobolds
  3 quokkas
  7 ball pythons
  3 bats
  2 frilled lizards (D:1)
  6 rats
72 creatures vanquished.

Notes
Turn   | Place    | Note
-------+----------+-------------------------------------------
     0 | D:1      | Descartes the Demonspawn Warper began the quest for the
                  | Orb.
     0 | D:1      | Reached XP level 1. HP: 16/16 MP: 3/3
    33 | D:1      | Reached skill level 1 in Armour
   135 | D:1      | Gained mutation: You are partially covered in sharp spines.
                  | [demonic ancestry]
   135 | D:1      | Reached XP level 2. HP: 17/22 MP: 5/5
   696 | D:1      | Found a faded altar of an unknown god.
   765 | D:2      | Gained mutation: You may rarely emit foul miasma when
                  | damaged in melee. [demonic ancestry]
   765 | D:2      | Reached XP level 3. HP: 18/27 MP: 6/6
  1247 | D:2      | You fall into a shaft and drop 2 floors!
  1699 | D:3      | Found a sparkling altar of Nemelex Xobeh.
  1699 | D:3      | Found an opulent altar of Gozag.
  1710 | D:3      | Became a worshipper of Gozag Ym Sagoz the Greedy
  1761 | D:3      | Gained mutation: You are mostly covered in sharp spines.
                  | [demonic ancestry]
  1761 | D:3      | Reached XP level 4. HP: 34/34 MP: 7/7
  1802 | D:3      | Found a shimmering altar of Xom.
  2105 | D:3      | Noticed a kobold brigand
  2115 | D:3      | Killed a kobold brigand
  2116 | D:3      | Gained mutation: You are completely covered in sharp
                  | spines. [demonic ancestry]
  2116 | D:3      | Reached XP level 5. HP: 18/40 MP: 7/9
  2832 | D:4      | Reached XP level 6. HP: 47/47 MP: 10/10
  3269 | D:5      | Entered Level 5 of the Dungeon
  3322 | D:5      | Demolished by an ogre

Illustrated notes

Levels and vault maps discovered:
D:1:      dpeg_arrival_rooms_a, layout_rooms,
          shapermc_ecumenical_altar_flowoftime
D:2:      layout_rooms
D:3:      kennysheep_six_static_rooms, layout_rooms,
          grunt_temple_overflow_opulence, mainiacjoe_overflow_surrounded_room
D:4:      layout_loops_ring, serial_park_tiny_pond, lightli_corner_chamber
D:5:      layout_loops_ring, nicolae_wu_jian_wuxing_cycle, uniq_eustachio,
          uniq_pikel, uniq_grinder, uniq_duvessa, uniq_crazy_yiuf_cottage,
          uniq_sigmund

Skill      XL: |  1  2  3  4  5 |
---------------+----------------+-----
Armour         | 1 2 |  2.2
Axes           | 2 |  2.8
Dodging        | 2 |  2.9
Translocations | 3 |  3.6
Fighting       | 3 |  3.1
Spellcasting   | 3 |  3.0
Throwing       | |  0.8

Action                   |  1- 3 |  4- 6 || total
-------------------------+-------+-------++-------
Melee: Hand axe          |    93 |    55 ||   148
       Punch             |     1 |       ||     1
Armor: Leather armour    |     6 |       ||     6
       Ring mail         |     4 |       ||     4
       Chain mail        |    16 |    32 ||    48
Dodge: Dodged            |    51 |    24 ||    75
